 Dungeon Crawl Stone Soup version 0.14.0-18-g0341e45 (webtiles) character file.

4447 staplegun the Hoplite (level 10, -2/61 HPs)
             Began as a Gargoyle Fighter on Apr 19, 2014.
             Was a Follower of Ashenzari.
             Slain by a scorpion (4 damage)
             ... on Level 9 of the Dungeon.
             The game lasted 00:12:04 (6487 turns).

staplegun the Hoplite (Gargoyle Fighter)            Turns: 6487, Time: 00:12:04

HP  -2/61        AC 22     Str 29      XL: 10   Next: 24%
MP   0/10        EV  8     Int  8      God: Ashenzari [*.....]
Gold 422         SH 25     Dex  9      Spells:  0 memorised,  9 levels left

rFire  . . .     SeeInvis .     J - +3,+4 whip (freeze) (curse)
rCold  . . .     Clarity  .     b - +0 scale mail (curse)
rNeg   + . .     Conserve .     c - +1 shield (curse)
rPois  +         rCorr    .     f - +2 helmet (curse)
rElec  +         rRot     +     k - +2 cloak (curse)
SustAb . .       Spirit   +     (no gloves)
rMut   .         Warding  .     (no boots)
Saprov . . .     Stasis   .     w - cursed amulet of guardian spirit
MR     .....                    (no ring)
                                s - +1 ring of protection

@: mighty, very slightly contaminated, not resistant to hostile enchantments,
extremely unstealthy
A: life protection 1, electricity resistance, slow metabolism 1, unbreathing,
petrification resistance, AC +7
a: Renounce Religion


You were on level 9 of the Dungeon.
You worshipped Ashenzari.
Ashenzari was aware of your devotion.
You were not hungry.

You visited 2 branches of the dungeon, and saw 10 of its levels.

You collected 422 gold pieces.

Inventory:

Hand weapons
 a - a +0,+1 flail
 J - a cursed +3,+4 whip of freezing (weapon)
Armour
 b - a cursed +0 scale mail (worn)
 c - a cursed +1 shield (worn)
 f - a cursed +2 helmet (worn)
 k - a cursed +2 cloak (worn)
Magical devices
 l - a wand of paralysis (11)
 o - a wand of fire (7)
 L - a wand of magic darts (13)
Comestibles
 d - 2 bread rations
 p - 3 pears
 u - 2 chokos
 G - a banana
 I - an apple
Scrolls
 h - 2 scrolls of immolation
 i - 10 scrolls of identify
 n - a scroll of fog
 q - 3 scrolls of teleportation
 y - a scroll of recharging
 z - 2 scrolls of curse armour
 C - 3 scrolls of remove curse
 D - a scroll of random uselessness
Jewellery
 m - an uncursed ring of positive energy {unknown}
 r - an uncursed amulet of faith
 s - a +1 ring of protection (left hand)
 w - a cursed amulet of guardian spirit (around neck)
 A - an uncursed ring of see invisible
 M - a +1 ring of dexterity
Potions
 e - a potion of might
 j - a potion of magic
 v - a potion of cure mutation
 B - 2 potions of resistance
Books
 H - a book of Dreams

   Spells                             Type                      Level
   Ensorcelled Hibernation            Hexes/Ice                    2
   Flight                             Charms/Air                   3
   Phase Shift                        Translocation                5
   Shadow Creatures                   Summoning                    5
   Mass Confusion                     Hexes                        6
   Darkness                           Hexes                        7


   Skills:
 + Level 6.6 Fighting
 + Level 7.3 Maces & Flails
 + Level 6.4 Armour
 + Level 6.2 Dodging
 + Level 3.1 Stealth
 + Level 8.4 Shields
 + Level 0.2 Evocations


You had 9 spell levels left.
You didn't know any spells.

Dungeon Overview and Level Annotations

Branches:
Dungeon (9/15)             Temple (1/1) D:4
    Orc: D:9-12        Lair: D:8-11

Altars:
Ashenzari
Dithmenos
Elyvilon
Fedhas
Kikubaaqudgha
Makhleb
Nemelex Xobeh
Okawaru
Sif Muna
Trog
Vehumet
Yredelemnul
Zin


Innate Abilities, Weirdness & Mutations

You are resistant to torment.
You are immune to poison.
You are immune to rotting.
Your stone body is very resilient (AC +7).
You resist negative energy.
You are resistant to electric shocks.
You can survive without breathing.
You are immune to petrification.
You have a slow metabolism.


Message History

You hit the scorpion. You freeze the scorpion.
The scorpion is lightly wounded.
You completely miss the scorpion.
The scorpion is lightly wounded.
The scorpion barely misses you.
Drink which item? (? for menu, Esc to quit)
You feel very mighty all of a sudden. The scorpion stings you.
You closely miss the scorpion.
The scorpion is lightly wounded.
The scorpion stings you but does no damage.
You whack the scorpion! You freeze the scorpion.
The scorpion is almost dead.
The scorpion stings you but does no damage.
Your shield prevents you from hitting the scorpion.
The scorpion is almost dead.
You closely miss the scorpion.
The scorpion is almost dead.
The scorpion stings you.
You die...

...#### .......
..##### .. #####.....
####### #p........
+...... #####s##......
###.### #....@.# ...
#)### #......# . #....
#......# #.%##
#......# #....
#....[.# ##.<.
#......# #.##
#......#.##########.##
#....).#............#
#......# ###........#


You could see a hungry ghost and a scorpion.

Vanquished Creatures
  Pikel (D:7)
  A gargoyle (D:9)
  Psyche (D:8)
  Prince Ribbit (D:7)
  Eustachio (D:8)
  2 hungry ghosts
  Grum (D:8)
  2 wolves (D:8)
  A black bear (D:7)
  2 orc warriors
  4 ogres
  A centaur (D:5)
  Blork the orc (D:4)
  2 giant frogs
  2 crimson imps (D:8)
  2 goliath beetles
  5 orc priests
  A jelly (D:9)
  A giant frog skeleton (D:9)
  4 hounds
  3 orc wizards
  2 iguanas
  A two-headed ogre skeleton (D:8)
  4 worker ants
  A killer bee zombie (D:7)
  An ogre skeleton (D:7)
  A hound skeleton (D:6)
  A hound zombie (D:8)
  13 adders
  10 gnolls
  2 shadow imps (D:7)
  An inept feature mimic (D:2)
  A worm (D:7)
  An adder skeleton (D:5)
  An ooze (D:3)
  15 orcs
  3 ball pythons
  5 giant cockroaches
  16 goblins
  17 hobgoblins
  17 kobolds
  4 quokkas
  13 bats
  A giant cockroach zombie (D:5)
  3 giant geckos
  4 giant newts
  An orc skeleton (D:4)
  An orc zombie (D:6)
  11 rats
190 creatures vanquished.

Vanquished Creatures (others)
  2 slaves (D:7)
  Crazy Yiuf (D:7)
  A worker ant (D:7)
  A gnoll (D:7)
  An orc (D:7)
  A giant cockroach (D:7)
  A kobold (D:7)
8 creatures vanquished.

Grand Total: 198 creatures vanquished

Notes
Turn   | Place    | Note
--------------------------------------------------------------
     0 | D:1      | staplegun, the Gargoyle Fighter, began the quest for the Orb.
     0 | D:1      | Reached XP level 1. HP: 14/14 MP: 1/1
   107 | D:1      | Reached XP level 2. HP: 19/19 MP: 2/2
   507 | D:1      | Reached XP level 3. HP: 19/23 MP: 3/3
   779 | D:2      | Reached skill level 1 in Dodging
   779 | D:2      | Reached skill level 4 in Shields
   779 | D:2      | Reached XP level 4. HP: 27/29 MP: 4/4
  1056 | D:2      | Reached XP level 5. HP: 33/33 MP: 5/5
  1167 | D:2      | Found a deep blue altar of Sif Muna.
  1868 | D:3      | Reached XP level 6. HP: 38/38 MP: 6/6
  2213 | D:4      | Found a staircase to the Ecumenical Temple.
  2284 | Temple   | Entered the Ecumenical Temple
  2329 | Temple   | Became a worshipper of Ashenzari the Shackled
  2481 | D:4      | Noticed Blork the orc
  2503 | D:4      | Killed Blork the orc
  2751 | D:4      | Reached XP level 7. HP: 41/44 MP: 7/7
  2983 | D:4      | Reached skill level 5 in Shields
  3240 | D:5      | Entered Level 5 of the Dungeon
  3824 | D:6      | Found a burning altar of Makhleb.
  3854 | D:6      | Reached skill level 5 in Fighting
  3896 | D:6      | Reached skill level 5 in Maces & Flails
  3896 | D:6      | Reached XP level 8. HP: 41/49 MP: 5/8
  4129 | D:6      | Reached skill level 6 in Shields
  4198 | D:7      | Noticed Pikel
  4214 | D:7      | Reached skill level 5 in Armour
  4240 | D:7      | Killed Pikel
  4258 | D:7      | Reached skill level 7 in Shields
  4258 | D:7      | Reached XP level 9. HP: 33/55 MP: 9/9
  4659 | D:7      | Reached skill level 5 in Dodging
  4718 | D:7      | Noticed Prince Ribbit
  4746 | D:7      | Killed Prince Ribbit
  4949 | D:7      | Noticed Crazy Yiuf
  5124 | D:8      | Noticed Eustachio
  5136 | D:8      | Killed Eustachio
  5424 | D:7      | Killed Crazy Yiuf
  5725 | D:8      | Noticed Psyche
  5766 | D:8      | Killed Psyche
  5766 | D:8      | Reached skill level 1 in Stealth
  5950 | D:8      | Reached skill level 8 in Shields
  5960 | D:8      | Noticed Grum
  5966 | D:8      | Reached XP level 10. HP: 27/61 MP: 6/10
  6001 | D:8      | Killed Grum
  6410 | D:9      | Gained mutation: You have a slow metabolism. [potion of beneficial mutation]
  6450 | D:9      | HP: 3/61 [gargoyle/flail (6)]
  6456 | D:9      | HP: 1/61 [gargoyle/flail (2)]
  6480 | D:9      | HP: 1/61 [scorpion (4)]
  6487 | D:9      | Slain by a scorpion

Action                   |  1- 3 |  4- 6 |  7- 9 | 10-12 || total
-------------------------+-------+-------+-------+-------++-------
Melee: Flail             |   117 |   225 |   305 |       ||   647
       Whip              |       |       |   324 |   157 ||   481
Evoke: Wand              |       |       |     5 |     1 ||     6
  Use: Scroll            |       |     4 |    18 |     1 ||    23
       Potion            |       |       |       |    12 ||    12
 Stab: Invisible         |       |       |     4 |     8 ||    12
